 Dungeon Crawl Stone Soup version 0.28.0-53-g5a82cb258f (webtiles) character file.

Game seed: 17061876750845680878

80050 pkoi the Zephyrmancer (level 14, 0/110 HPs)
             Began as a Demigod Air Elementalist on June 5, 2022.
             Slain by an alligator (13 damage)
             ... called by a spriggan druid
             ... on level 1 of the Swamp on June 6, 2022.
             The game lasted 01:07:27 (53935 turns).

pkoi the Zephyrmancer (Demigod Air Elementalist)   Turns: 53935, Time: 01:07:27

Health: 0/110      AC:  4    Str:  9    XL:     14   Next: 82%
Magic:  12/27      EV: 31    Int: 35    God:
Gold:   1533       SH:  0    Dex: 16    Spells: 4/25 levels left

rFire   . . .      SeeInvis .   l - +0 rapier (flame)
rCold   + + .      Faith    .   (no shield)
rNeg    . . .      Spirit   .   y - +0 troll leather armour
rPois   .          Reflect  .   h - +0 helmet
rElec   .          Harm     .   K - scarf {+Inv}
rCorr   .          Rampage  .   q - +1 pair of gloves
Will    +....                   (no boots)
Stlth   +.........              d - amulet of the acrobat
HPRegen 1.08/turn               G - ring of protection from cold
MPRegen 0.20/turn               I - ring of wizardry

@: corroded, acrobatic, very slow
A: high MP 1, forlorn, divine attributes, agile 1, clever 1, cold resistance 1,
screaming 1
a: Evoke Invisibility


You were on level 1 of the Swamp.
You visited 4 branches of the dungeon, and saw 19 of its levels.

You collected 1533 gold pieces.

Inventory:

Hand Weapons
 e - a +0 dagger
 l - a +0 rapier of flaming (weapon)
 v - a +0 long sword of flaming
Missiles
 E - 4 curare-tipped darts
 M - 3 throwing nets
Armour
 h - a +0 helmet (worn)
 j - a +2 leather armour of fire resistance
 q - a +1 pair of gloves (worn)
 w - a +2 robe of positive energy
 y - a +0 troll leather armour (worn)
 D - a +2 robe of willpower
 K - a scarf of invisibility (worn)
Jewellery
 d - an amulet of the acrobat (around neck)
 G - a ring of protection from cold (left hand)
 H - a ring of fire
 I - a ring of wizardry (right hand)
 J - a +6 ring of strength
Wands
 m - a wand of charming (9)
 n - a wand of paralysis (5)
 p - a wand of iceblast (8)
 r - a wand of acid (3)
 A - a wand of mindburst (2)
 F - a wand of digging (5)
 N - a wand of flame (9)
Scrolls
 a - 3 scrolls of summoning
 c - 6 scrolls of teleportation
 s - 5 scrolls of identify
 t - 2 scrolls of amnesia
 u - 4 scrolls of fog
 x - 3 scrolls of enchant weapon
Potions
 b - 4 potions of brilliance
 f - 2 potions of heal wounds
 g - 13 potions of curing
 i - 3 potions of ambrosia
 k - 2 potions of invisibility
 o - a potion of haste
 z - a potion of resistance
 B - a potion of magic
 C - 2 potions of flight


   Skills:
 - Level 6.0 Fighting
 - Level 6.0 Armour
 - Level 9.0 Dodging
 - Level 2.0 Stealth
 + Level 9.2 Unarmed Combat
 - Level 6.0 Spellcasting
 - Level 0.8 Conjurations
 - Level 6.0 Summonings
 * Level 11.2 Transmutations
 * Level 12.3 Air Magic
 - Level 6.0 Evocations


You had 4 spell levels left.
You knew the following spells:

 Your Spells              Type           Power      Damage    Failure   Level
a - Shock                 Conj/Air       100%       1d9       1%          1
b - Static Discharge      Conj/Air       54%        N/A       1%          2
c - Airstrike             Air            38%        N/A       1%          4
d - Summon Lightning Spi  Summ/Air       65%        N/A       1%          4
e - Storm Form            Tmut/Air       37%        N/A       13%         7
q - Swiftness             Air            77%        N/A       1%          3

Your spell library contained the following spells:

 Spells                   Type           Power      Damage    Failure   Level
 Beastly Appendage        Tmut           100%       N/A       1%          1
 Foxfire                  Conj/Fire      52%        2x1d6     1%          1
 Summon Small Mammal      Summ           100%       N/A       1%          1
 Wereblood                Tmut           73%        N/A       1%          2
 Call Canine Familiar     Summ           51%        N/A       1%          3
 Spider Form              Tmut/Pois      49%        N/A       1%          3
 Summon Guardian Golem    Hex/Summ       31%        N/A       1%          3
 Ice Form                 Ice/Tmut       49%        N/A       1%          4
 Conjure Flame            Conj/Fire      13%        6-21      4%          3
 Stone Arrow              Conj/Erth      26%        3d8       4%          3
 Frozen Ramparts          Ice            20%        1d4       6%          3
 Inner Flame              Hex/Fire       10%        N/A       6%          3
 Ozocubu's Armour         Ice            10%        N/A       6%          3
 Animate Armour           Summ/Erth      62%        N/A       6%          4
 Summon Ice Beast         Ice/Summ       31%        N/A       6%          4
 Flame Wave               Conj/Fire      13%        2d6       16%         4
 Fulminant Prism          Conj/Hex       6%         3d7       16%         4
 Cause Fear               Hex            5%         N/A       19%         4
 Alistair's Intoxication  Tmut/Pois      32%        N/A       6%          5
 Yara's Violent Unravell  Hex/Tmut       24%        3d11      6%          5
 Metabolic Englaciation   Hex/Ice        5%         N/A       45%         5
 Simulacrum               Ice/Necr       5%         N/A       95%         6
 Spellforged Servitor     Conj/Summ      17%        N/A       98%         7
 Orb of Destruction       Conj           8%         9d6       100%        7
 Discord                  Hex            5%         N/A       100%        8
 Lehudib's Crystal Spear  Conj/Erth      6%         10d3      100%        8


Dungeon Overview and Level Annotations

Branches:
Dungeon (11/15)            Temple (1/1) D:7            Lair (6/6) D:9
  Swamp (1/4) Lair:4        Snake (0/4) Lair:3        Slime (0/5) Lair:6
    Orc (0/2) D:10

Portals:
Hell: Lair:6

Annotations:
D:11 2 transporters, wingedge's ghost, journeyman MiFi


Innate Abilities, Weirdness & Mutations

You have an increased reservoir of magic. (+10% MP)
You shall have no god before yourself.
Your divine heritage dramatically boosts your attributes as you level up.
You are agile. (Dex +2)
Your mind is acute. (Int +2)
Your flesh is cold resistant. (rC+)
You occasionally shout uncontrollably at your foes.


Message History

The bolt of electricity hits the spriggan druid!
The spriggan druid calls out to the beasts of the wild!
Unknown command.
Your lightning spire is hit by a branch!
A tree reaches out and hits your lightning spire!
Your lightning spire shoots out a bolt of lightning at the alligator!
The bolt of electricity hits the alligator!!
The alligator bites your lightning spire!!
Your lightning spire is destroyed!
Your lightning spire disappears in a puff of smoke!
You hear a shout!
The goliath frog hits you from afar!
* * * LOW HITPOINT WARNING * * *
The acid corrodes you!
You are splashed with acid!
* * * LOW HITPOINT WARNING * * *
Unknown command.
The alligator puts on a burst of speed!
The goliath frog completely misses you.
You enter the shallow water.
Moving in this stuff is going to be slow.
You are hit by a branch!
* * * LOW HITPOINT WARNING * * *
The goliath frog completely misses you. The alligator barely misses you.
The alligator tail-slaps you!
* * * LOW HITPOINT WARNING * * *
The goliath frog misses you. The alligator closely misses you.
The alligator tail-slaps you.
* * * LOW HITPOINT WARNING * * *
The goliath frog completely misses you. The alligator misses you. x2
You are hit by a branch!
* * * LOW HITPOINT WARNING * * *
A root smacks you from below!
* * * LOW HITPOINT WARNING * * *
The goliath frog hits you from afar!
* * * LOW HITPOINT WARNING * * *
You are splashed with acid!
* * * LOW HITPOINT WARNING * * *
The alligator bites you!
* * * LOW HITPOINT WARNING * * *
The alligator tail-slaps you!
You die...

♣≈.♣ ♣≈.♣≈ ♣≈.♣ ♣♣...≈≈
♣♣§♣ ♣♣.♣♣.≈≈ ♣.♣
♣..≈$.≈. ♣.♣♣♣
♣♣♣♣♣.≈≈≈≈≈≈
♣♣.≈.♣♣♣♣♣(≈≈......i≈
♣.≈≈....i..≈≈≈§≈.♣§≈≈
♣♣≈§≈≈F≈♣≈≈≈≈≈≈≈.♣.≈≈
♣♣♣♣♣.♣@t≈≈§≈.≈≈≈≈§.♣.≈.
♣....≈.♣≈§≈≈≈†≈≈§≈.♣≈.≈≈
♣♣....♣≈..≈≈≈.≈....≈≈...
♣♣.<♣♣≈≈≈≈..≈≈≈≈≈≈≈...♣
♣♣.♣♣≈.≈..♣..÷≈.≈♣♣.≈♣
♣..♣.§≈≈≈♣.♣♣≈...≈≈
♣♣[♣.≈§≈♣.♣♣ ♣♣.≈♣. ♣♣♣♣
♣)♣...♣♣♣♣ ≈.§
♣..♣♣♣)♣..♣♣ ≈


You could see an alligator (swift), a spriggan druid and a goliath frog.

Vanquished Creatures
  Harold (Lair:1)
  A boulder beetle (Lair:4)
  Josephine (D:10)
  Erolcha (D:11)
  8 hydras
  Erica (Lair:2)
  2 two-headed ogres
  2 alligators
  Urug (D:9)
  Sonja (D:10)
  Nergalle (D:10)
  A goliath frog (Swamp:1)
  A sixfirhy (Lair:6)
  A bog body (Swamp:1)
  A spectral centaur (D:10)
  2 oklob plants (Lair:6)
  2 spectral boulder beetles (D:10)
  3 centaur zombies (D:10)
  6 elephants
  3 black mambas
  2 orange demons (Lair:6)
  Maggie (Lair:2)
  6 cane toads
  5 rime drakes
  8 komodo dragons
  2 red devils (Lair:6)
  A hellwing (Lair:6)
  A troll (D:8)
  A hornet (Swamp:1)
  A bloated husk (Swamp:1)
  4 polar bears
  7 blink frogs
  2 meliai zombies
  2 spectral black mambas (D:10)
  11 flying skulls
  A vampire (D:10)
  2 centaur simulacra (D:10)
  A water elemental (D:10)
  A spriggan (Swamp:1)
  2 wyverns
  11 wraiths
  2 shadows (D:10)
  4 basilisks
  21 yaks
  2 swamp worms (Swamp:1)
  4 wargs (D:10)
  2 vampire mosquitoes (D:10)
  3 nagas (Lair:3)
  16 water moccasins
  Duvessa (D:7)
  2 orc warriors
  3 hell hounds
  An ice beast (D:5)
  2 necrophages (D:7)
  A boulder beetle simulacrum (D:10)
  A black mamba simulacrum (D:10)
  2 wolves (Lair:6)
  6 centaurs
  A phantom (D:6)
  3 ogres (D:6)
  2 kobold brigands
  4 bullfrogs
  A scorpion (D:6)
  2 gnoll sergeants
  Dowan (D:7)
  11 killer bees
  2 water moccasin skeletons
  4 electric eels
  A jelly (D:7)
  2 hounds
  A gnoll shaman (D:5)
  3 orc priests
  3 centaur skeletons
  A bullfrog skeleton (D:7)
  6 iguanas
  5 hell rats
  5 orc wizards
  A killer bee zombie (D:6)
  A hound skeleton (D:4)
  2 howler monkey zombies
  Robin (D:3)
  15 gnolls
  11 adders
  5 shadow imps
  A white imp (D:6)
  6 dart slugs
  23 orcs
  3 endoplasms
  3 giant cockroaches
  9 goblins
  11 hobgoblins
  3 quokkas
  7 ball pythons
  11 bats
  3 frilled lizards
  14 kobolds
  3 rats
  A butterfly (D:9)
377 creatures vanquished.

Vanquished Creatures (collateral kills)
  A boulder beetle (D:11)
  2 hydras (Lair:6)
  An alligator (Swamp:1)
  A death yak (Lair:6)
  3 spriggans (Swamp:1)
  A wizard (Lair:6)
  7 elephants
  6 cane toads
  2 orange demons (Lair:6)
  3 komodo dragons
  A rime drake (Lair:6)
  6 blink frogs
  A troll (D:11)
  3 hornets (Swamp:1)
  17 yaks
  2 basilisks
  A swamp worm (Swamp:1)
  A water moccasin (Lair:6)
  2 hell hounds (Lair:6)
  3 wolves (Lair:6)
  3 bullfrogs
  3 howler monkeys (D:11)
  An orc wizard (D:10)
71 creatures vanquished.

Vanquished Creatures (others)
  29 fungi
  23 plants
52 creatures vanquished.

Grand Total: 500 creatures vanquished

Notes
Turn   | Place    | Note
-------+----------+-------------------------------------------
     0 | D:1      | pkoi the Demigod Air Elementalist began the quest for the
                  | Orb.
     0 | D:1      | Reached XP level 1. HP: 14/14 MP: 5/5
   368 | D:1      | Reached skill level 3 in Air Magic
   673 | D:1      | Reached XP level 2. HP: 11/20 MP: 4/7
   932 | D:1      | Noticed a floating eye
   992 | D:1      | Noticed a golden eye
   992 | D:1      | Noticed a golden eye
   992 | D:1      | Noticed a great orb of eyes
  1898 | D:2      | Reached XP level 3. HP: 26/26 MP: 4/8
  2045 | D:2      | Learned a level 2 spell: Static Discharge
  2076 | D:2      | Reached skill level 4 in Air Magic
  3880 | D:3      | Reached XP level 4. HP: 33/33 MP: 4/9
  4406 | D:3      | Noticed Robin
  4411 | D:3      | Killed Robin
  4463 | D:3      | Reached skill level 1 in Armour
  4704 | D:3      | Reached skill level 5 in Air Magic
  5260 | D:4      | Reached XP level 5. HP: 16/38 MP: 0/10
  5667 | D:4      | Learned a level 3 spell: Swiftness
  6494 | D:4      | Noticed a centaur
  6500 | D:4      | Killed a centaur
  6501 | D:4      | Reached XP level 6. HP: 39/45 MP: 2/11
  6600 | D:4      | Reached skill level 6 in Air Magic
  6752 | D:5      | Entered Level 5 of the Dungeon
  7104 | D:5      | You fall into a shaft and drop 1 floor!
  7697 | D:6      | Reached XP level 7. HP: 34/50 MP: 1/12
  8272 | D:5      | Reached skill level 7 in Air Magic
  9725 | D:6      | Reached skill level 1 in Fighting
  9725 | D:6      | Reached skill level 8 in Air Magic
  9856 | D:6      | Reached XP level 8. HP: 48/59 MP: 4/13
 10705 | D:7      | Learned a level 4 spell: Airstrike
 11278 | D:7      | Noticed Dowan
 11818 | D:7      | Found a staircase to the Ecumenical Temple.
 11821 | D:7      | Reached skill level 9 in Air Magic
 11826 | Temple   | Entered the Ecumenical Temple
 12862 | D:8      | Got Viuneum's Incunabulum of the Mutagenic Birds
 13110 | D:7      | Noticed Duvessa
 13119 | D:7      | Killed Duvessa
 13327 | D:7      | Killed Dowan
 13365 | D:8      | Noticed a troll
 13948 | D:8      | Killed a troll
 13949 | D:8      | Reached XP level 9. HP: 21/70 MP: 5/14
 14352 | D:8      | Reached skill level 1 in Evocations
 16974 | D:9      | Noticed a two-headed ogre
 17191 | D:9      | Reached skill level 10 in Air Magic
 17577 | D:9      | Found a staircase to the Lair.
 17878 | Lair:1   | Entered Level 1 of the Lair of Beasts
 17878 | Lair:1   | Noticed a seven-headed hydra
 17882 | Lair:1   | HP: 2/71 [seven-headed hydra (11)]
 17884 | Lair:1   | Killed a seven-headed hydra
 17885 | Lair:1   | Reached skill level 5 in Armour
 17885 | Lair:1   | Reached skill level 5 in Dodging
 17885 | Lair:1   | Reached skill level 1 in Unarmed Combat
 18149 | Lair:1   | Noticed a black mamba
 18152 | Lair:1   | Killed a black mamba
 18441 | Lair:1   | Noticed Urug
 18467 | D:9      | Reached XP level 10. HP: 59/80 MP: 6/17
 18656 | D:10     | Entered Level 10 of the Dungeon
 18802 | D:9      | Killed a two-headed ogre
 18803 | D:9      | Reached skill level 5 in Fighting
 19063 | D:10     | Noticed Sonja
 19190 | D:10     | Noticed Josephine
 19723 | D:10     | Killed Josephine
 20727 | D:10     | Killed Sonja
 21450 | D:10     | Learned a level 4 spell: Summon Lightning Spire
 21460 | D:10     | Found a staircase to the Orcish Mines.
 21715 | D:10     | Reached skill level 1 in Summonings
 21715 | D:10     | Reached XP level 11. HP: 63/89 MP: 4/21
 24736 | D:10     | Reached skill level 5 in Spellcasting
 25269 | D:10     | Reached skill level 5 in Unarmed Combat
 27673 | D:9      | HP: 2/87 [Urug/+3 long sword (21)]
 28183 | D:9      | Killed Urug
 28307 | D:9      | Learned a level 7 spell: Storm Form
 28385 | Lair:1   | Noticed Harold
 28797 | Lair:1   | Killed Harold
 29077 | Lair:1   | Reached skill level 1 in Transmutations
 30072 | Lair:1   | Reached XP level 12. HP: 96/96 MP: 11/24
 30732 | Lair:2   | Reached skill level 11 in Air Magic
 31145 | Lair:2   | Noticed a six-headed hydra
 31567 | Lair:2   | You fall into a shaft and drop 2 floors!
 32141 | Lair:3   | Found a staircase to the Snake Pit.
 32510 | Lair:2   | Reached skill level 5 in Summonings
 32825 | Lair:2   | Killed a six-headed hydra
 32966 | Lair:2   | Noticed a four-headed hydra
 34173 | Lair:2   | Noticed Erica
 34205 | Lair:2   | Killed Erica
 34383 | Lair:2   | Noticed Maggie
 34387 | Lair:2   | Killed Maggie
 34673 | Lair:2   | Gained mutation: You are agile. (Dex +2) [potion of
                  | mutation]
 34673 | Lair:2   | Gained mutation: Your flesh is cold resistant. (rC+)
                  | [potion of mutation]
 34673 | Lair:2   | Gained mutation: You occasionally shout uncontrollably at
                  | your foes. [potion of mutation]
 34673 | Lair:2   | Gained mutation: Your mind is acute. (Int +2) [potion of
                  | mutation]
 34711 | Lair:2   | Reached XP level 13. HP: 102/102 MP: 26/26
 38586 | Lair:4   | Found a staircase to the Swamp.
 40178 | Lair:5   | Reached skill level 12 in Air Magic
 40419 | Lair:5   | Reached XP level 14. HP: 110/110 MP: 7/27
 41787 | Lair:6   | Entered Level 6 of the Lair of Beasts
 44366 | Lair:6   | Reached skill level 5 in Evocations
 45987 | Lair:6   | Found a staircase to the Slime Pits.
 49286 | Lair:6   | Found a gateway to Hell.
 49294 | Lair:6   | Got the Incunabulum of Hexes
 49560 | D:11     | Reached skill level 10 in Transmutations
 49567 | D:11     | Noticed Nergalle
 50076 | D:10     | Killed Nergalle
 50509 | D:11     | Noticed Erolcha
 50514 | D:11     | Killed Erolcha
 50842 | D:11     | Noticed wingedge's ghost (journeyman MiFi)
 51144 | D:11     | Found a transporter.
 51159 | D:11     | Found a transporter.
 52677 | Swamp:1  | Entered Level 1 of the Swamp
 53536 | Lair:4   | HP: 3/110 [alligator[an alligator] (15)]
 53935 | Swamp:1  | Slain by an alligator

Illustrated notes

Levels and vault maps discovered:
D:1:      minmay_arrival_nine_rooms, layout_rooms,
          hellmonk_ecumenical_altar_watching_god, minmay_tromino_i4
D:2:      minmay_chambers_of_ones, layout_basic
D:3:      layout_loops_cross, uniq_robin
D:4:      layout_basic
D:5:      layout_basic
D:6:      layout_basic
D:7:      layout_layer_cave, temple_green, uniq_duvessa
D:8:      layout_cave_pools
D:9:      layout_basic, mainiacjoe_overflow_tiny_flanked, lair_entry_dummy
D:10:     lemuel_vampire_tower, layout_irregular_city, orc_0_dummy,
          minmay_liquid_box, uniq_josephine, uniq_sonja
D:11:     layout_basic, gammafunk_ghost_berserking_beasts, uniq_erolcha,
          uniq_nergalle
Temple:   mainiacjoe_temple_starburst
Lair:1:   layout_small_grid, nicolae_quartered_pool_little, lemuel_fruit_fields,
          grunt_megastairs_3, uniq_harold, uniq_urug
Lair:2:   layout_cave_shapes, lemuel_fruit_fields, serial_bayou_shore_b,
          grunt_megastairs_2, infiniplex_staircase_pool, uniq_erica, uniq_maggie
Lair:3:   layout_chaotic_city, minmay_snake_entry_guardpost_small
Lair:4:   layout_regular_city, swamp_mist, chequers_serial_rivers_small_b
Lair:5:   layout_layer_cave, lemuel_fruit_tree, lemuel_fruit_fields,
          serial_bayou_shore_a
Lair:6:   evil_forest, layout_regular_city, minmay_slime_entry_oklob_enclosed
Swamp:1:  layout_falls_marsh, nicolae_swamp_tree_designs

Skill      XL: |  1  2  3  4  5  6  7  8  9 10 11 12 13 14 |
---------------+-------------------------------------------+-----
Air Magic      | 3 4 5 6 8 9 10 11 12 | 12.3
Armour         | 1 2 3 4 5 6 |  6.0
Dodging        | 2 4 5 6 7 8 9 |  9.0
Fighting       | 1 3 4 5 6 |  6.0
Evocations     | 2 4 6 |  6.0
Unarmed Combat | 1 4 5 6 7 9 |  9.2
Spellcasting   | 2 4 5 6 |  6.0
Summonings     | 1 4 5 6 |  6.0
Transmutations | 1 7 8 11 | 11.2
Stealth        | 2 |  2.0
Conjurations   | |  0.8

Action                   |  1- 3 |  4- 6 |  7- 9 | 10-12 | 13-15 || total
-------------------------+-------+-------+-------+-------+-------++-------
Melee: Dagger            |    15 |    11 |       |       |       ||    26
       Rapier            |       |       |     9 |    30 |    17 ||    56
       Long sword        |       |       |     8 |       |       ||     8
       Punch             |       |       |     1 |     1 |     5 ||     7
       Unarmed           |       |       |       |       |     7 ||     7
 Cast: Shock             |   108 |   127 |    99 |     6 |    14 ||   354
       Static Discharge  |       |    16 |    57 |   137 |    60 ||   270
       Airstrike         |       |       |    67 |   217 |   195 ||   479
       Swiftness         |       |       |     2 |       |       ||     2
       Summon Lightning  |       |       |       |    11 |    73 ||    84
       Storm Form        |       |       |       |       |     2 ||     2
Evoke: Wand              |       |       |     4 |     6 |     3 ||    13
  Use: Scroll            |     2 |     5 |     7 |     7 |     3 ||    24
       Potion            |       |       |       |     3 |     3 ||     6
 Stab: Distracted        |       |       |       |       |     1 ||     1
Armor: Robe              |     8 |       |       |       |       ||     8
       Leather armour    |     5 |    26 |    23 |       |       ||    54
       Troll leather arm |       |       |    16 |    85 |    34 ||   135
       Skin              |       |       |       |       |     3 ||     3
Dodge: Dodged            |    39 |    40 |   113 |   274 |   185 ||   651
